 Dungeon Crawl Stone Soup version 0.30.1-11-g7821555f0a (webtiles) character file.

Game seed: 15354433274852459004

1421 griz the Cleaver (level 8, 0/64 HPs)
             Began as a Minotaur Berserker on Jan 12, 2024.
             Was a Priest of Trog.
             Slain by a gnoll
             ... wielding a +0 spear
             ... led by a gnoll bouda
              (5 damage)
             ... on level 6 of the Dungeon.
             The game lasted 00:16:09 (4335 turns).

griz the Cleaver (Minotaur Berserker)               Turns: 4335, Time: 00:16:12

Health: 0/64       AC: 11    Str: 24    XL:     8   Next: 44%
Magic:  7/7        EV: 11    Int:  4    God:    Trog [***...]
Gold:   176        SH:  0    Dex: 10    Spells: 7/7 levels left

rFire   . . .        a - +0 hand axe
rCold   + . .        (no shield)
rNeg    . . .        f - +1 ring mail {rC+}
rPois   .            (helmet restricted)
rElec   .            (no cloak)
rCorr   .            r - +0 pair of gloves
SInv    .            (no boots)
Will    ++...        (no amulet)
Stlth   +            h - +4 ring of protection
HPRegen 1.30/turn    (no ring)
MPRegen 0.10/turn

%: no passive effects
@: weakened, strong-willed, regenerating
A: horns 2, retaliatory headbutt
a: Renounce Religion, Berserk, Trog's Hand


You were on level 6 of the Dungeon.
You worshipped Trog.
Trog was most pleased with you.
You visited 1 branch of the dungeon, and saw 6 of its levels.

You collected 176 gold pieces.

Inventory:

Hand Weapons
 a - a +0 hand axe (weapon)
Armour
 b - a +0 animal skin
 f - a +1 ring mail of cold resistance (worn)
 r - a +0 pair of gloves (worn)
Jewellery
 h - a +4 ring of protection (left hand)
Wands
 o - a wand of flame (33) (quivered)
 p - a wand of charming (2)
Scrolls
 c - a scroll of blinking {unknown}
 d - 3 scrolls of immolation {unknown}
 e - 3 scrolls of identify {unknown}
 l - a scroll of noise {unknown}
 q - a scroll of brand weapon {unknown}
 s - a scroll of torment {unknown}
 u - a scroll of fog {unknown}
 w - a scroll of fear {unknown}
 x - a scroll of amnesia {unknown}
 y - 3 scrolls of teleportation {unknown}
 B - a scroll of magic mapping {unknown}
Potions
 g - a potion of flight {unknown}
 i - 2 potions of ambrosia {unknown}
 j - 2 potions of degeneration {unknown}
 k - 3 potions of mutation {unknown}
 m - a potion of haste {unknown}
 n - 2 potions of curing {unknown}
 t - 2 potions of brilliance {unknown}
 v - 2 potions of invisibility {unknown}
 z - 2 potions of berserk rage {unknown}
 A - a potion of magic {unknown}


   Skills:
 - Level 3.6 Fighting
 + Level 12.4 Axes
 - Level 2.4 Armour
 - Level 2.1 Dodging
 + Level 1.8 Stealth
 + Level 0.9 Evocations


You had 7 spell levels left.
You didn't know any spells.
Your spell library was empty.

Dungeon Overview and Level Annotations

Branches:
Dungeon (6/15)
 Temple: D:4-7

Altars:
Dithmenos
Gozag
Hepliaklqana
Nemelex Xobeh
Uskayaw

Annotations:
D:6 Pikel


Innate Abilities, Weirdness & Mutations

You have a pair of horns on your head.
You reflexively headbutt those who attack you in melee.


Message History

The gnolls pick up the pace!
You hear a shout!
Your attacks no longer feel as feeble.
The gnoll barely misses you.
An orc comes into view. It is wielding a +0 mace.
The gnoll hits you but does no damage. The gnoll hits you but does no damage.
The gnoll barely misses you. You furiously retaliate!
You headbutt the gnoll.
The gnoll hits you from afar with a +0 spear.
The gnoll bouda closely misses you. The gnoll hits you but does no damage.
The gnoll hits you from afar with a +0 spear.
The gnoll misses you.
The gnoll bouda hits you with a +0 club.
* * * LOW HITPOINT WARNING * * *
The gnoll barely misses you. The gnoll misses you. The gnoll barely misses you.
The ogre hits you with a +0 giant spiked club!
* * * LOW HITPOINT WARNING * * *
A lemure comes into view.
The gnoll bouda hits you but does no damage.
Pikel, Merchant of Souls comes into view.
He is wielding a +0 whip of electrocution and wearing a +1 robe of cold resistance.
Pikel shouts!
The lemure shouts!
The gnoll hits you but does no damage. The gnoll completely misses you.
The gnoll hits you but does no damage.
The gnoll bouda gazes fiercely through you!
You feel your attacks grow feeble. The gnoll bouda barely misses you.
You fail to use your ability.
The ogre barely misses you. You furiously retaliate!
You headbutt the ogre. The gnoll hits you but does no damage.
The gnoll hits you from afar with a +0 spear!
* * * LOW HITPOINT WARNING * * *
The gnoll barely misses you. The gnoll bouda barely misses you.
Your skin crawls.
You feel strong-willed.
You can no longer call in reinforcements.
An adder comes into view.
The gnoll closely misses you.
The gnoll hits you from afar with a +0 spear.
You die...

.##. #....S
...#..
#####K#...#.
........>..
.5.g(.#..
#gog...##.
#@g.......
#O......#
#.......#
#.<....##
#......#
#......#
#...<..#
.####### #.


You could see Pikel, an ogre, a lemure, a gnoll bouda, 3 gnolls, an adder
(wandering) and an orc.

Vanquished Creatures
  A wyvern (D:5)
  Edmund (D:6)
  A water moccasin (D:5)
  A black bear (D:4)
  An ogre (D:5)
  A scorpion (D:5)
  3 wights (D:4)
  2 electric eels (D:3)
  A hound (D:5)
  An orc priest (D:4)
  A gnoll bouda (D:5)
  8 iguanas
  A sleepcap (D:5)
  3 orc wizards
  3 adders
  8 gnolls
  An ufetubus (D:3)
  A worm (D:3)
  4 dart slugs
  17 orcs
  5 endoplasms
  A giant cockroach (D:3)
  4 goblins
  3 hobgoblins
  10 jackals
  11 kobolds
  5 quokkas
  4 ball pythons
  4 bats
  5 frilled lizards
  4 rats
116 creatures vanquished.

Vanquished Creatures (others)
  A frilled lizard (D:3)
1 creature vanquished.

Grand Total: 117 creatures vanquished

Notes
Turn   | Place    | Note
-------+----------+-------------------------------------------
     0 | D:1      | griz the Minotaur Berserker began the quest for the Orb.
     0 | D:1      | Reached XP level 1. HP: 19/19 MP: 0/0
    46 | D:1      | Reached skill level 4 in Axes
    73 | D:1      | Reached XP level 2. HP: 18/26 MP: 1/1
  1610 | D:2      | Reached skill level 5 in Axes
  1617 | D:2      | Reached XP level 3. HP: 29/31 MP: 2/2
  1677 | D:3      | Reached ** piety under Trog
  1701 | D:3      | Found a transporter.
  1798 | D:3      | Found a transporter.
  1861 | D:3      | Reached skill level 6 in Axes
  1861 | D:3      | Reached XP level 4. HP: 36/39 MP: 3/3
  2062 | D:3      | Reached XP level 5. HP: 39/45 MP: 4/4
  2069 | D:3      | Reached skill level 7 in Axes
  2324 | D:4      | Reached skill level 8 in Axes
  2324 | D:4      | Reached XP level 6. HP: 27/51 MP: 5/5
  2326 | D:4      | Reached skill level 1 in Stealth
  2605 | D:4      | Reached *** piety under Trog
  2837 | D:4      | Reached skill level 9 in Axes
  3141 | D:4      | Reached XP level 7. HP: 52/57 MP: 6/6
  3269 | D:4      | Found a shadowy altar of Dithmenos.
  3292 | D:4      | Found a hide-covered altar of Uskayaw.
  3295 | D:4      | Found an opulent altar of Gozag.
  3295 | D:4      | Found a sparkling altar of Nemelex Xobeh.
  3295 | D:4      | Found a hazy altar of Hepliaklqana.
  3487 | D:5      | Entered Level 5 of the Dungeon
  3624 | D:5      | Reached skill level 10 in Axes
  3724 | D:5      | Noticed a wyvern
  3733 | D:5      | Killed a wyvern
  3734 | D:5      | Reached skill level 11 in Axes
  3738 | D:5      | Reached XP level 8. HP: 64/64 MP: 7/7
  3807 | D:5      | Reached **** piety under Trog
  3922 | D:5      | Reached skill level 12 in Axes
  4252 | D:6      | Noticed Edmund
  4266 | D:6      | Killed Edmund
  4332 | D:6      | Noticed Pikel
  4335 | D:6      | Slain by a gnoll

Illustrated notes

Levels and vault maps discovered:
D:1:      dpeg_arrival_houses_and_road, layout_basic, kennysheep_another_room
D:2:      layout_rooms, serial_co_window_serial, co_window_paths_b,
          co_window_corner_a, co_window_corner_a, co_window_corner_a,
          co_window_of_opportunity_a, co_window_broadway_a, co_window_2corner,
          co_window_broadway_a, co_window_corner_ca, co_window_2corner,
          co_window_broadway_b, co_window_paths_d, co_window_4corner_a,
          glass_columns_a, minmay_misc_feat_ornament
D:3:      gammafunk_steamed_eel, layout_basic, lemuel_flame_loot_1
D:4:      layout_basic, grunt_dithmenos_smoke, grunt_temple_overflow_open
D:5:      layout_basic
D:6:      layout_rooms, tgw_xom, uniq_duvessa, uniq_pikel, uniq_edmund

Skill      XL: |  1  2  3  4  5  6  7  8 |
---------------+-------------------------+-----
Axes           | 4 5 6 8 9 11 12 | 12.4
Stealth        | 1 |  1.8
Fighting       | |  3.6
Armour         | |  2.4
Dodging        | |  2.1
Evocations     | |  0.9

Action                     |  1- 3 |  4- 6 |  7- 9 || total
---------------------------+-------+-------+-------++-------
  Melee: Hand axe          |    72 |   114 |   109 ||   295
         Headbutt          |    10 |    26 |    30 ||    66
         Punch             |       |       |     4 ||     4
 Invoke: Berserk           |       |       |     1 ||     1
         Trog's Hand       |       |       |     1 ||     1
  Evoke: Wand              |     1 |     1 |       ||     2
 Armour: Animal skin       |     2 |       |       ||     2
         Ring mail         |    25 |    55 |    29 ||   109
  Dodge: Dodged            |    40 |    59 |    64 ||   163
